 Dungeon Crawl Stone Soup version 0.22.0-38-g04b72b8 (webtiles) character file.

22682 KobiteSteel the Cleaver (level 12, 0/156 HPs)
             Began as a Minotaur Fighter on Aug 30, 2018.
             Was a High Priest of Cheibriados.
             Succumbed to a queen ant's poison
             ... on level 10 of the Dungeon.
             The game lasted 00:25:18 (8067 turns).

KobiteSteel the Cleaver (Minotaur Fighter)          Turns: 8067, Time: 00:25:23

Health: 0/156      AC: 29    Str: 33 (36) XL:     12   Next: 65%
Magic:  2/14       EV:  2    Int: 14 (16) God:    Cheibriados [*****.]
Gold:   422        SH: 14    Dex: 20 (22) Spells: 13/13 levels left

rFire    . . .     SeeInvis .   v - +3 war axe (flame)
rCold    . . .     Gourm    .   c - +0 shield
rNeg     + + +     Faith    .   (armour currently unavailable)
rPois    +         Spirit   .   (helmet currently unavailable)
rElec    .         Reflect  .   (cloak currently unavailable)
rCorr    .         Harm     .   (gloves currently unavailable)
MR       .....     NoTele   +   (boots currently unavailable)
Stlth    +++.......             (no amulet)
HPRegen  0.36/turn              k - +3 ring of protection
MPRegen  0.14/turn              (no ring)

@: lethally poisoned (0 -> -63), tree-form, marked, very slightly contaminated,
invisible, very slow
A: (retaliatory headbutt), mutation resistance 1
a: Bend Time, Temporal Distortion, Slouch, Step From Time, Renounce Religion


You were on level 10 of the Dungeon.
You worshipped Cheibriados.
Cheibriados was extremely pleased with you.
You were not hungry.
You were a tree.
You visited 1 branch of the dungeon, and saw 10 of its levels.
You also visited: Bailey.

You collected 605 gold pieces.
You spent 183 gold pieces at shops.

Inventory:

Hand Weapons
 a - a +0 war axe
 v - a +3 war axe of flaming (weapon)
Armour
 b - a +0 scale mail
 c - a +0 shield (worn)
 j - +1 fire dragon scales (melded)
 l - a +1 cloak (melded)
 t - a +0 hat of intelligence (melded)
 C - a +2 pair of gloves of strength (melded)
 E - the cursed +1 steam dragon scales of Okawaru's Esteem {Regen+ Int+3 Dex-5 Stlth+}
   (You found it in a bailey)

   It affects your intelligence (+3).
   It affects your dexterity (-5).
   It increases your rate of regeneration.
   It makes you more stealthy.
   It has a curse placed upon it.
Jewellery
 k - a +3 ring of protection (left branch)
 D - an uncursed ring of fire
Wands
 i - a wand of disintegration (15)
 q - a wand of paralysis (32)
 y - a wand of polymorph (9)
 B - a wand of enslavement (17)
Scrolls
 m - 5 scrolls of remove curse
 p - 3 scrolls of amnesia
 s - 4 scrolls of teleportation
 w - a scroll of fear
 z - 2 scrolls of blinking
 F - 3 scrolls of fog
Potions
 d - a potion of might
 e - 4 potions of brilliance
 n - 2 potions of flight
 r - a potion of invisibility
 A - a potion of magic
 G - a potion of ambrosia {unknown}
Comestibles
 f - 14 rations


   Skills:
 + Level 9.3 Fighting
 + Level 13.3 Axes
 + Level 1.9 Throwing
 + Level 10.5 Armour
 + Level 6.1 Dodging
 + Level 3.7 Stealth
 + Level 11.1 Shields
 + Level 2.1 Unarmed Combat
 + Level 1.2 Spellcasting
 * Level 4.3 Invocations
 + Level 1.7 Evocations


You had 13 spell levels left.
You didn't know any spells.
Your spell library contained the following spells:

 Spells                   Type           Power        Failure   Level  Hunger
 Beastly Appendage        Tmut           #.....       38%         1    ##.....
 Corona                   Hex            #......      38%         1    ##.....
 Magic Dart               Conj           #...         38%         1    ##.....
 Blink                    Tloc           N/A          54%         2    ###....
 Call Imp                 Summ           #.......     54%         2    ###....
 Ensorcelled Hibernation  Hex/Ice        #.....       54%         2    ###....
 Slow                     Hex            #.......     54%         2    ###....
 Sticks to Snakes         Tmut           #.......     54%         2    ###....
 Confuse                  Hex            #.......     77%         3    ####...
 Conjure Flame            Conj/Fire      #.......     77%         3    ####...
 Dazzling Spray           Conj/Hex       #.....       77%         3    ####...
 Mephitic Cloud           Conj/Pois/Air  #.......     77%         3    ####...
 Spider Form              Tmut/Pois      #.........   77%         3    ####...
 Tukima's Dance           Hex            #.......     77%         3    ####...
 Ice Form                 Ice/Tmut       #.......     99%         4    #####..
 Blade Hands              Tmut           #.........   100%        5    ######.


Dungeon Overview and Level Annotations

Branches:
Dungeon (10/15)            Temple (0/1) D:4            Lair (0/6) D:9
    Orc: D:9-12

Altars:
Ashenzari
Cheibriados
Gozag
Hepliaklqana
Nemelex Xobeh
Okawaru
Trog
Wu Jian
Xom
The Shining One

Shops:
D:5 (   D:8 (   D:10 [


Innate Abilities, Weirdness & Mutations

((You reflexively headbutt those who attack you in melee.))
((You have a pair of horns on your head.))
You are somewhat resistant to further mutation.
((You are occasionally teleported next to monsters.))


Message History

As you read the scroll of identify, it crumbles to dust.
D - an uncursed ring of fire You feel extremely strange.
Your vision sharpens.
Your iridescent scales disappear.
You feel weirdly uncertain.
You feel genetically stable.
* * * LOW HITPOINT WARNING * * *
You feel very sick.
It was a potion of degeneration.
There was something very wrong with that liquid.
You feel weakened.
You feel dopey.
You feel clumsy.
* * * LOW HITPOINT WARNING * * *
You feel very sick.
It was a potion of lignification.
You turn into a tree.
Your +1 cloak melds into your body.
Your +0 hat of intelligence melds into your body.
Your +2 pair of gloves of strength melds into your body.
Your +1 fire dragon scales melds into your body.
You feel stupid.
You feel weaker.
Your roots penetrate the ground.
The net rips apart!
You die...

#..........#
#.#.........
#..........#
#.#.........
#..........#
#.....>.....
#....>.<...#
###.........
###'######## #####....#
#........# ###.....####
########'###
#........... ......†...#
#........... .....[.♣††#
........<... ......††).#
#........... ......†∩..#
#........... ..........#
#........... ......††..#
#........... .#...[..#.+
#...........
#.#####.#..##...........
.. .†.####...........
...#. ..#####.####


There were no monsters in sight!

Vanquished Creatures
  Gastronok (D:9)
  Harold (D:10)
  A two-headed ogre (D:8)
  A queen ant (D:10)
  Pikel (D:8)
  2 ugly things
  A manticore (D:9)
  The ghost of Bearstalker the Covered, a novice MiFi of Yredelemnul (D:7)
  The ghost of Bearstalker the Chopper, an amateur MiFi (D:4)
  2 trolls
  2 hippogriffs (D:7)
  4 hogs (D:7)
  A human (D:7)
  12 soldier ants (D:10)
  2 slaves (D:8)
  A sky beast (D:8)
  6 orc warriors
  3 ogres
  3 phantoms
  4 centaurs
  A big kobold (D:9)
  6 bullfrogs
  4 scorpions
  4 killer bees (D:6)
  4 jellies
  A howler monkey (D:5)
  A crimson imp (D:6)
  2 bullfrog zombies
  A centaur zombie (D:6)
  4 orc priests
  A quasit (D:7)
  A centaur skeleton (D:4)
  6 hounds
  3 iguanas
  21 worker ants
  11 orc wizards
  2 killer bee zombies
  2 hound skeletons
  2 hound zombies
  Robin (D:4)
  18 gnolls
  9 adders
  3 shadow imps
  An ooze (D:1)
  2 adder skeletons (D:4)
  An adder zombie (D:6)
  5 worms
  4 dart slugs
  A leopard gecko (D:7)
  23 orcs
  7 bats
  6 giant cockroaches
  20 goblins
  8 hobgoblins
  15 jackals
  9 kobolds
  4 quokkas
  4 frilled lizards
  A jackal skeleton (D:4)
  2 quokka skeletons
  A quokka zombie (D:9)
  5 rats
277 creatures vanquished.

Notes
Turn   | Place    | Note
-------+----------+-------------------------------------------
     0 | D:1      | KobiteSteel the Minotaur Fighter began the quest for the Orb.
     0 | D:1      | Reached XP level 1. HP: 19/19 MP: 0/0
    73 | D:1      | Reached XP level 2. HP: 27/27 MP: 1/1
   436 | D:2      | Reached XP level 3. HP: 33/33 MP: 2/2
   472 | D:2      | Reached skill level 3 in Axes
   586 | D:2      | Found an opulent altar of Gozag.
   613 | D:2      | Found a shattered altar of Ashenzari.
   627 | D:2      | Reached XP level 4. HP: 39/40 MP: 3/3
   710 | D:2      | Found a glowing golden altar of the Shining One.
   952 | D:3      | Reached skill level 1 in Dodging
   982 | D:3      | Found a snail-covered altar of Cheibriados.
  1251 | D:3      | Became a worshipper of Cheibriados the Contemplative
  1546 | D:4      | Reached skill level 4 in Axes
  1546 | D:4      | Reached XP level 5. HP: 27/46 MP: 4/4
  1554 | D:4      | Reached skill level 5 in Armour
  1779 | D:4      | Found a transporter.
  1779 | D:4      | Found a transporter.
  1779 | D:4      | Noticed Bearstalker's ghost (amateur MiFi)
  2027 | D:4      | Reached * piety under Cheibriados
  2027 | D:4      | Reached XP level 6. HP: 53/53 MP: 5/5
  2153 | D:4      | Found a staircase to the Ecumenical Temple.
  2180 | D:4      | Reached skill level 5 in Axes
  2670 | D:4      | Noticed Robin
  2683 | D:4      | Killed Robin
  2980 | D:4      | Killed Bearstalker's ghost
  2980 | D:4      | Reached skill level 1 in Stealth
  2980 | D:4      | Reached skill level 5 in Shields
  2980 | D:4      | Reached XP level 7. HP: 58/60 MP: 6/6
  2983 | D:4      | Reached skill level 6 in Axes
  3062 | D:5      | Entered Level 5 of the Dungeon
  3161 | D:5      | Reached ** piety under Cheibriados
  3533 | D:5      | Found Xyrphugaa's Weapon Emporium.
  3542 | D:5      | Bought a +2 war axe of flaming for 183 gold pieces
  3725 | D:5      | Found a sparkling altar of Nemelex Xobeh.
  4005 | D:6      | Reached skill level 5 in Fighting
  4191 | D:6      | Reached XP level 8. HP: 68/68 MP: 7/7
  4201 | D:6      | Reached skill level 7 in Axes
  4439 | D:6      | Reached *** piety under Cheibriados
  4512 | D:6      | Found a hazy altar of Hepliaklqana.
  4718 | D:6      | Found an ornate altar of the Wu Jian Council.
  4718 | D:6      | Found a bloodstained altar of Trog.
  4888 | D:7      | Reached skill level 8 in Axes
  4909 | D:7      | Reached XP level 9. HP: 75/75 MP: 8/8
  4981 | D:7      | Reached **** piety under Cheibriados
  5006 | D:7      | Reached skill level 9 in Axes
  5141 | D:7      | Found a flagged portal.
  5152 | Bailey   | Entered a bailey
  5332 | Bailey   | Noticed an orc knight
  5348 | Bailey   | Reached skill level 10 in Axes
  5800 | Bailey   | Got jade-encrusted steam dragon scales
  5802 | Bailey   | Identified the cursed +1 steam dragon scales of Okawaru's Esteem {Regen+ Int+3 Dex-5 Stlth+} (You found it in a bailey)
  6335 | D:7      | Found a large runed door.
  6337 | D:7      | Found a large runed door.
  6346 | D:7      | Noticed Bearstalker's ghost (novice MiFi)
  6429 | D:7      | Found an iron altar of Okawaru.
  6520 | D:7      | Killed Bearstalker's ghost
  6520 | D:7      | Reached XP level 10. HP: 80/84 MP: 9/9
  6581 | D:8      | Found a shimmering altar of Xom.
  6608 | D:8      | Reached ***** piety under Cheibriados
  6677 | D:8      | Noticed a purple ugly thing
  6680 | D:8      | Noticed a two-headed ogre
  6686 | D:8      | Killed a purple ugly thing
  6688 | D:8      | Killed a two-headed ogre
  6725 | D:8      | Noticed Pikel
  6733 | D:8      | Killed Pikel
  6733 | D:8      | Reached skill level 11 in Axes
  7082 | D:8      | Found Erunuu's Antique Weapon Boutique.
  7249 | D:9      | Found a staircase to the Lair.
  7257 | D:9      | Noticed a green ugly thing
  7257 | D:9      | Noticed Gastronok
  7269 | D:9      | Killed a green ugly thing
  7281 | D:9      | Killed Gastronok
  7281 | D:9      | Reached skill level 12 in Axes
  7281 | D:9      | Reached skill level 10 in Shields
  7281 | D:9      | Reached XP level 11. HP: 41/94 MP: 10/10
  7282 | D:9      | Gained mutation: Scrolls take you a little longer to read. [potion of mutation]
  7282 | D:9      | Gained mutation: You are occasionally teleported next to monsters. [potion of mutation]
  7282 | D:9      | Lost mutation: You are occasionally teleported next to monsters. [potion of mutation]
  7282 | D:9      | Gained mutation: You are partially covered in iridescent scales. (AC +2) [potion of mutation]
  7588 | D:9      | Found a glowing golden altar of the Shining One.
  7655 | D:9      | Reached skill level 10 in Armour
  7873 | D:10     | Entered Level 10 of the Dungeon
  7912 | D:10     | Reached skill level 5 in Dodging
  8020 | D:10     | Found Xoep's Antique Armour Shoppe.
  8032 | D:10     | Noticed Harold
  8033 | D:10     | Noticed a queen ant
  8058 | D:10     | Reached skill level 1 in Invocations
  8061 | D:10     | Killed a queen ant
  8061 | D:10     | Killed Harold
  8061 | D:10     | Reached skill level 13 in Axes
  8062 | D:10     | Reached skill level 1 in Throwing
  8062 | D:10     | Reached skill level 1 in Spellcasting
  8062 | D:10     | Reached skill level 1 in Evocations
  8062 | D:10     | Reached XP level 12. HP: 23/104 MP: 1/14
  8065 | D:10     | Lost mutation: Scrolls take you a little longer to read. [potion of mutation]
  8065 | D:10     | Lost mutation: You are partially covered in iridescent scales. (AC +2) [potion of mutation]
  8065 | D:10     | Gained mutation: You are occasionally teleported next to monsters. [potion of mutation]
  8065 | D:10     | Gained mutation: You are somewhat resistant to further mutation. [potion of mutation]
  8066 | D:10     | HP: 3/104 [poisoned by a queen ant]
  8067 | D:10     | Succumbed to a queen ant's poison

Skill      XL: |  1  2  3  4  5  6  7  8  9 10 11 |
---------------+----------------------------------+-----
Fighting       | 4 5 6 8 9 |  9.3
Armour         | 4 5 6 7 9 10 | 10.5
Shields        | 4 5 7 8 10 11 | 11.1
Axes           | 3 4 5 6 8 10 12 13 | 13.3
Dodging        | 1 2 3 4 6 |  6.1
Stealth        | 1 2 3 |  3.7
Invocations    | 4 |  4.3
Throwing       | 1 |  1.9
Unarmed Combat | 2 |  2.1
Spellcasting   | 1 |  1.2
Evocations     | 1 |  1.7

Action                   |  1- 3 |  4- 6 |  7- 9 | 10-12 || total
-------------------------+-------+-------+-------+-------++-------
Melee: War axe           |    78 |   119 |   199 |   149 ||   545
       Headbutt          |     9 |    23 |    53 |    46 ||   131
Invok: Slouch            |       |       |       |     4 ||     4
Evoke: Wand              |       |       |     1 |       ||     1
  Use: Scroll            |       |     9 |     4 |     3 ||    16
       Potion            |       |     3 |       |    11 ||    14
 Stab: Invisible         |       |     3 |     1 |       ||     4
       Sleeping          |       |       |       |     1 ||     1
  Eat: Ration            |       |     3 |     2 |       ||     5
Armor: Scale mail        |     9 |       |       |       ||     9
       Fire dragon scale |    26 |    67 |   100 |    97 ||   290
Dodge: Dodged            |    24 |    44 |   130 |   102 ||   300
Block: Shield            |    37 |    72 |   196 |   106 ||   411
